 Dungeon Crawl Stone Soup version 0.21.1-68-g103a7afc0a (webtiles) character file.

3406 Razbojnik the Thaumaturge (level 9, -1/47 HPs)
             Began as a Deep Elf Conjurer on Aug 1, 2018.
             Was a Follower of Vehumet.
             Slain by Erica
             ... wielding a +0 scimitar of flaming
              (8 damage)
             ... on level 8 of the Dungeon on Aug 2, 2018.
             The game lasted 00:31:22 (7391 turns).

Razbojnik the Thaumaturge (Deep Elf Conjurer)       Turns: 7391, Time: 00:31:22

Health: -1/47      AC:  5    Str:  5    XL:     9   Next: 75%
Magic:  18/25      EV: 15    Int: 24    God:    Vehumet [*.....]
Gold:   344        SH:  5    Dex: 18    Spells: 14/29 levels left

rFire    . . .     SeeInvis .   H - +4 mace of Inference {freeze, MR++}
rCold    . . .     Gourm    .   p - +0 buckler
rNeg     . . .     Faith    .   a - +0 robe
rPois    .         Spirit   .   d - +0 helmet
rElec    .         Reflect  .   w - +1 cloak
rCorr    .         Harm     .   (no gloves)
MR       ++...                  (no boots)
Stlth    +++.......             (no amulet)
HPRegen  0.15/turn              Q - +3 ring of dexterity
MPRegen  0.19/turn              (no ring)

@: lethally poisoned (-1 -> -13)
A: no striking features
a: Renounce Religion


You were on level 8 of the Dungeon.
You worshipped Vehumet.
Vehumet was aware of your devotion.
You were not hungry.

You visited 2 branches of the dungeon, and saw 9 of its levels.

You collected 344 gold pieces.

Inventory:

Hand Weapons
 s - a +0 dagger
 y - a +0 hunting sling
 H - the +4 mace of Inference (weapon) {freeze, MR++}
   (You found it on level 5 of the Dungeon)

   It has been specially enchanted to freeze those struck by it, causing extra
   injury to most foes and up to half again as much damage against particularly
   susceptible opponents.
   It can also slow down cold-blooded creatures.
   It affects your resistance to hostile enchantments.
 P - a +1 whip of flaming
 S - a +2 quarterstaff of chaos
 U - the +11 mace of the Original Sin {protect, MR+ Str+5 Dex+2}
   (You found it on level 7 of the Dungeon)

   It protects the one who uses it against injury (+AC on strike).
   It affects your strength (+5).
   It affects your dexterity (+2).
   It affects your resistance to hostile enchantments.
 V - a +0 dagger of chaos
Missiles
 m - 65 sling bullets
 t - 205 stones (quivered)
 x - 5 tomahawks
Armour
 a - a +0 robe (worn)
 d - a +0 helmet (worn)
 p - a +0 buckler (worn)
 w - a +1 cloak (worn)
 z - a +0 leather armour
 M - the +1 leather armour of Prudence {rElec MR- Str+3}
   (You found it on level 6 of the Dungeon)

   It affects your strength (+3).
   It insulates you from electricity.
   It affects your resistance to hostile enchantments.
 T - a +0 cloak
Jewellery
 Q - a +3 ring of dexterity (left hand)
Wands
 o - a wand of random effects (23)
 N - a wand of iceblast (9)
Scrolls
 g - 4 scrolls of teleportation {unknown}
 h - a scroll of enchant weapon {unknown}
 i - 2 scrolls of fog {unknown}
 n - 3 scrolls of remove curse {unknown}
 q - 3 scrolls of magic mapping {unknown}
 r - a scroll of immolation {unknown}
 v - a scroll of noise {unknown}
 B - 2 scrolls of enchant armour {unknown}
 E - 4 scrolls of identify
 G - 3 scrolls of random uselessness {unknown}
 J - a scroll of amnesia {unknown}
 L - a scroll of blinking {unknown}
Potions
 e - 2 potions of heal wounds {unknown}
 f - 2 potions of agility {unknown}
 j - a potion of invisibility {unknown}
 k - a potion of resistance {unknown}
 l - a potion of cancellation {unknown}
 u - 2 potions of flight {unknown}
 A - 2 potions of ambrosia {unknown}
 C - a potion of berserk rage {unknown}
 D - 2 potions of lignification {unknown}
 F - a potion of degeneration {unknown}
 I - 2 potions of haste {unknown}
 K - 2 potions of curing {unknown}
Books
 b - a book of Conjurations

   Spells                             Type                      Level
   a - Magic Dart                     Conjuration                  1
   b - Searing Ray                    Conjuration                  2
   c - Dazzling Spray                 Conjuration/Hexes            3
   d - Fulminant Prism                Conjuration/Hexes            4
   e - Force Lance                    Conjuration/Translocation    4
   f - Iskenderun's Mystic Blast      Conjuration                  4
 O - a Young Poisoner's Handbook

   Spells                             Type                      Level
   a - Sting                          Conjuration/Poison           1
   b - Poisonous Vapours              Poison/Air                   2
   c - Mephitic Cloud                 Conjuration/Poison/Air       3
   d - Olgreb's Toxic Radiance        Poison                       4
   e - Venom Bolt                     Conjuration/Poison           5
Comestibles
 c - 9 rations


   Skills:
 - Level 1.0 Fighting
 - Level 4.1 Dodging
 - Level 5.0 Stealth
 - Level 4.0 Shields
 + Level 10.8 Spellcasting
 + Level 8.8 Conjurations
 - Level 6.3 Hexes
 + Level 2.8 Poison Magic


You had 14 spell levels left.
You knew the following spells:

 Your Spells              Type           Power        Failure   Level  Hunger
a - Magic Dart            Conj           ####         1%          1    None
b - Searing Ray           Conj           ######       1%          2    None
c - Fulminant Prism       Conj/Hex       #####.....   2%          4    None
d - Iskenderun's Mystic   Conj           ######..     1%          4    None
e - Olgreb's Toxic Radia  Pois           ####....     16%         4    None


Dungeon Overview and Level Annotations

Branches:
Dungeon (8/15)             Temple (1/1) D:4
   Lair: D:8-11

Altars:
Ashenzari
Cheibriados
Dithmenos
Elyvilon
Gozag
Hepliaklqana
Kikubaaqudgha
Makhleb
Nemelex Xobeh
Okawaru
Qazlal
Ru
Sif Muna
Trog
Uskayaw
Vehumet
Wu Jian
Xom
Yredelemnul
Zin
The Shining One

Shops:
D:5 }

Annotations:
D:8 Erica


Message History

Your fulminant prism explodes!
The blast of energy engulfs the ice beast.
You kill the ice beast!
Vehumet accepts your kill.
You hear a howl!
You hear a shout!
Something hits you. Something burns you. Something hits you but does no damage.
You start resting.
You block something's attack. Something hits you. Something burns you.
You hear some strange, mumbled words.
A bolt of poison appears from out of thin air!
The bolt of poison hits you!
You are poisoned.
You feel sick.
You miss something.
You feel sick. Something hits you!
* * * LOW HITPOINT WARNING * * *
Something burns you.
* * * LOW HITPOINT WARNING * * *
Something hits you!
You die...

# ##### ##### ###########...#
##...##### ............#.#
##........>
#############.#######.......###
...... #...@..............
###### #########..†....### #
##############.....## #
.............##...## ####
####..)#####.###.## ... #...
#.Y>..# .# #... ####### .#
Y.... .##### ....o.


There were no monsters in sight!

Vanquished Creatures
  Pikel (D:7)
  Psyche (D:8)
  Sigmund (D:6)
  A sky beast (D:5)
  2 ice beasts
  An orc warrior (D:7)
  A black bear (D:6)
  2 slaves (D:7)
  3 ogres
  3 centaurs
  A big kobold (D:7)
  5 bullfrogs
  A wyvern skeleton (D:7)
  3 scorpions
  2 crimson imps (D:5)
  A bullfrog zombie (D:6)
  3 hounds
  Crazy Yiuf (D:7)
  A jelly (D:5)
  3 orc priests (D:4)
  2 worker ants
  7 orc wizards
  A hound zombie (D:7)
  13 adders
  7 gnolls (D:6)
  A shadow imp (D:5)
  A white imp (D:6)
  An ooze (D:4)
  2 adder skeletons
  2 worms
  A dart slug (D:1)
  6 leopard geckos
  37 orcs
  5 giant cockroaches
  8 hobgoblins
  2 jackals (D:8)
  5 kobolds
  4 quokkas
  7 bats
  3 frilled lizards
  A giant cockroach zombie (D:5)
  5 goblins
  A goblin zombie (D:6)
  2 hobgoblin zombies (D:6)
  A jackal zombie (D:5)
  2 kobold zombies (D:6)
  2 orc skeletons (D:6)
  An orc zombie (D:6)
  A quokka zombie (D:6)
  5 rats
173 creatures vanquished.

Vanquished Creatures (others)
  A slave (D:7)
  21 fulminant prisms
  A plant (D:8)
23 creatures vanquished.

Grand Total: 196 creatures vanquished

Notes
Turn   | Place    | Note
-------+----------+-------------------------------------------
     0 | D:1      | Razbojnik the Deep Elf Conjurer began the quest for the Orb.
     0 | D:1      | Reached XP level 1. HP: 10/10 MP: 6/6
   552 | D:1      | Reached XP level 2. HP: 15/15 MP: 2/8
   559 | D:1      | Learned a level 2 spell: Searing Ray
  1162 | D:2      | Reached skill level 4 in Spellcasting
  1246 | D:2      | Reached XP level 3. HP: 19/19 MP: 4/10
  1327 | D:2      | Reached skill level 5 in Conjurations
  1639 | D:2      | You fall through a shaft!
  1663 | D:3      | Reached skill level 5 in Spellcasting
  2084 | D:3      | Reached XP level 4. HP: 24/24 MP: 9/13
  2717 | D:3      | Learned a level 4 spell: Fulminant Prism
  2722 | D:3      | Learned a level 4 spell: Iskenderun's Mystic Blast
  2772 | D:4      | Found a staircase to the Ecumenical Temple.
  2789 | D:4      | Reached skill level 6 in Spellcasting
  2789 | D:4      | Reached skill level 1 in Hexes
  2838 | D:4      | Reached XP level 5. HP: 28/28 MP: 12/15
  2962 | D:5      | Entered Level 5 of the Dungeon
  2971 | D:5      | Noticed a sky beast
  3041 | D:4      | Found a sacrificial altar of Ru.
  3432 | D:5      | Found Okkichun's Gadget Boutique.
  3443 | D:5      | Reached XP level 6. HP: 24/32 MP: 3/17
  3538 | D:5      | Noticed an ice beast
  3614 | D:5      | Reached skill level 5 in Hexes
  3626 | D:5      | Killed a sky beast
  3666 | D:5      | Got an ebony mace
  3696 | Temple   | Entered the Ecumenical Temple
  3713 | Temple   | Became a worshipper of Vehumet
  4404 | D:5      | Killed an ice beast
  4404 | D:5      | Reached XP level 7. HP: 29/36 MP: 14/19
  4434 | D:5      | Reached skill level 7 in Spellcasting
  4647 | D:6      | Found a glowing golden altar of the Shining One.
  4766 | D:6      | Reached skill level 5 in Stealth
  5044 | D:6      | Reached skill level 8 in Spellcasting
  5076 | D:6      | Reached XP level 8. HP: 37/42 MP: 17/22
  5122 | D:6      | Found a glowing silver altar of Zin.
  5236 | D:6      | Reached skill level 1 in Fighting
  5252 | D:6      | Reached skill level 1 in Shields
  5265 | D:6      | Noticed Sigmund
  5340 | D:6      | Killed Sigmund
  5634 | D:6      | Reached * piety under Vehumet
  5634 | D:6      | Offered knowledge of Sandblast by Vehumet.
  5766 | D:6      | Got a bronze leather armour
  5776 | D:6      | Reached skill level 9 in Spellcasting
  6189 | D:7      | Reached XP level 9. HP: 47/47 MP: 18/24
  6255 | D:7      | Learned a level 4 spell: Olgreb's Toxic Radiance
  6312 | D:7      | Found a runed door.
  6433 | D:7      | Noticed Pikel
  6434 | D:7      | Found a sparkling altar of Nemelex Xobeh.
  6443 | D:7      | Killed Pikel
  6443 | D:7      | Reached skill level 10 in Spellcasting
  7081 | D:7      | Noticed Crazy Yiuf
  7084 | D:7      | Killed Crazy Yiuf
  7093 | D:7      | Got a scorched mace
  7097 | D:7      | Identified the +4 mace of Inference {freeze, MR++} (You found it on level 5 of the Dungeon)
  7098 | D:7      | Identified the +11 mace of the Original Sin {protect, MR+ Str+5 Dex+2} (You found it on level 7 of the Dungeon)
  7099 | D:7      | Identified the +1 leather armour of Prudence {rElec MR- Str+3} (You found it on level 6 of the Dungeon)
  7134 | D:8      | Noticed Psyche
  7139 | D:8      | Killed Psyche
  7365 | D:8      | Noticed Erica
  7391 | D:8      | Slain by Erica

Skill      XL: |  1  2  3  4  5  6  7  8  9 |
---------------+----------------------------+-----
Spellcasting   | 4 5 6 8 9 10 | 10.8
Conjurations   | 5 6 7 8 |  8.8
Hexes          | 1 4 6 |  6.3
Stealth        | 3 5 |  5.0
Fighting       | 1 |  1.0
Dodging        | 4 |  4.1
Shields        | 2 4 |  4.0
Poison Magic   | 2 |  2.8

Action                   |  1- 3 |  4- 6 |  7- 9 || total
-------------------------+-------+-------+-------++-------
Melee: Unarmed           |     1 |       |       ||     1
       Dagger            |       |     2 |     2 ||     4
       Mace              |       |       |     1 ||     1
 Fire: Hunting sling     |       |     7 |     1 ||     8
 Cast: Magic Dart        |    58 |    55 |    71 ||   184
       Searing Ray       |     6 |    17 |    37 ||    60
       Fulminant Prism   |       |     1 |    20 ||    21
       Iskenderun's Myst |       |       |     1 ||     1
  Use: Scroll            |       |       |     3 ||     3
 Stab: Sleeping          |       |     2 |     2 ||     4
  Eat: Chunk             |     3 |     3 |     7 ||    13
       Ration            |       |     1 |     1 ||     2
Armor: Robe              |     1 |     7 |    13 ||    21
Dodge: Dodged            |     4 |    18 |    34 ||    56
Block: Buckler           |       |       |     1 ||     1
